 Dungeon Crawl Stone Soup version 0.17-a0-1850-g688e747 (webtiles) character file.

150020 shakdrar the Peltast (level 16, 0/156 HPs)
             Began as a Deep Dwarf Fighter on Sept 17, 2015.
             Was the Champion of the Shining One.
             Slain by the 27-headed Lernaean hydra (4 damage)
             ... on level 4 of the Swamp on Sept 18, 2015.
             The game lasted 04:03:11 (30142 turns).

shakdrar the Peltast (Deep Dwarf Fighter)          Turns: 30142, Time: 04:03:11

Health: 0/156      AC: 29    Str: 25    XL:     16   Next: 97%
Magic:  2/7        EV:  8    Int: 11    God:    the Shining One [******]
Gold:   1091       SH: 18    Dex: 12    Spells: 0 memorised, 15 levels left

rFire  + . .     SeeInvis .     x - +9 flail (holy)
rCold  + + .     Clarity  .     J - +1 plate armour {rPois}
rNeg   + + +     SustAt   .     u - +3 shield of Trog's Wrath {rElec rPois rCorr Int-2}
rPois  +         Gourm    +     r - +2 hat
rElec  +         Spirit   .     v - +2 cloak "Kaoclet" {MR+ Int+2}
rCorr  +         Warding  .     X - +2 pair of gloves
rMut   .         Stasis   .     Y - +0 pair of boots {rC+}
MR     ++++.                    S - amulet of the gourmand
Stlth  ..........               W - ring of protection from fire
                                k - ring of protection from magic

@: non-regenerating, glowing, incredibly resistant to hostile enchantments,
extremely unstealthy
A: damage resistance, recharge devices, cold resistance 1, negative energy
resistance 1, sense surroundings 2, slow healing 3
a: Device Recharging, Divine Shield, Cleansing Flame, Summon Divine Warrior,
Renounce Religion


You were on level 4 of the Swamp.
You worshipped the Shining One.
The Shining One was exalted by your worship.
You were not hungry.

You visited 5 branches of the dungeon, and saw 32 of its levels.
You also visited: Ice Cave.

You collected 3204 gold pieces.
You spent 2113 gold pieces at shops.

Inventory:

Hand weapons
 b - a +5 dire flail of holy wrath
 x - a +9 flail of holy wrath (weapon)
Armour
 r - a +2 hat (worn)
 s - a +4 plate armour of fire resistance
 u - the +3 shield of Trog's Wrath (worn) {rElec rPois rCorr Int-2}
   (You found it on level 1 of the Lair of Beasts)

   It affects your intelligence (-2).
   It insulates you from electricity.
   It protects you from poison.
   It protects you from acid and corrosion.
 v - the +2 cloak "Kaoclet" (worn) {MR+ Int+2}
   (You acquired it on level 6 of the Lair of Beasts)

   It affects your intelligence (+2).
   It affects your resistance to hostile enchantments.
 J - a +1 plate armour of poison resistance (worn)
 X - a +2 pair of gloves (worn)
 Y - a +0 pair of boots of cold resistance (worn)
Jewellery
 a - a +5 ring of protection
 f - an uncursed ring of sustain attributes
 k - a ring of protection from magic (left hand)
 o - an uncursed amulet of rage
 E - an uncursed ring of teleportation
 H - an uncursed amulet of guardian spirit
 S - an amulet of the gourmand (around neck)
 W - a ring of protection from fire (right hand)
Magical devices
 e - a wand of heal wounds (0)
 g - a wand of disintegration (6)
 p - a wand of lightning (4)
 G - a wand of digging (10)
 I - a wand of flame (18)
 K - a wand of fire (5)
 Q - a wand of cold (0)
Scrolls
 c - 2 scrolls of identify
 n - 9 scrolls of teleportation
 C - 5 scrolls of magic mapping
 V - 5 scrolls of fog
Potions
 d - 2 potions of might
 j - 2 potions of cancellation
 l - a potion of flight
 m - 3 potions of resistance
 t - 5 potions of agility
 B - 2 potions of curing
Miscellaneous
 w - a crystal ball of energy
 R - a phial of floods
 T - a stone of tremors
Comestibles
 F - 20 royal jellies
 N - 5 fruits


   Skills:
 + Level 13.0 Fighting
 * Level 12.7 Maces & Flails
 * Level 16.2 Armour
 * Level 16.6 Shields
 - Level 12.5 Invocations
 - Level 10.5 Evocations


You had 15 spell levels left.
You didn't know any spells.

Dungeon Overview and Level Annotations

Branches:
Dungeon (15/15)            Temple (1/1) D:7            Lair (8/8) D:8
  Swamp (4/4) Lair:5        Snake (0/4) Lair:4        Slime (0/6) Lair:7
    Orc (4/4) D:10            Elf (0/3) Orc:4        Vaults (0/5) D:13
 Depths (0/5) D:15

Altars:
Cheibriados
Elyvilon
Gozag
Kikubaaqudgha
Makhleb
Nemelex Xobeh
Okawaru
Qazlal
Ru
Trog
Vehumet
Xom
Zin
The Shining One
Beogh

Shops:
D:5 }   D:9 *   Orc:2 (*   Orc:4 ([([

Annotations:
D:7 Blork the orc
Swamp:4 Lernaean hydra


Innate Abilities, Weirdness & Mutations

You are resistant to damage.
You can recharge devices by infusing magical energy.
You resist negative energy.
You passively map the area around you.
You do not heal naturally.
Your flesh is cold resistant.


Message History

* * * LOW HITPOINT WARNING * * *
The swamp dragon barely misses you.
The swamp dragon tramples you but does no damage.
The swamp dragon bites your shambling mangrove!
The swamp dragon claws your shambling mangrove.
The swamp dragon tramples your shambling mangrove!
Your shambling mangrove holds its ground!
You sock the 27-headed Lernaean hydra!
The 27-headed Lernaean hydra is almost dead.
Roots rise up from beneath the swamp dragon and drag it to the ground.
Your shambling mangrove hits the swamp dragon!
You block the 27-headed Lernaean hydra's attack.
The 27-headed Lernaean hydra bites you but does no damage.
The 27-headed Lernaean hydra barely misses you.
The 27-headed Lernaean hydra closely misses you.
The 27-headed Lernaean hydra bites you but does no damage. x2
The 27-headed Lernaean hydra barely misses you.
You block the 27-headed Lernaean hydra's attack.
The 27-headed Lernaean hydra bites you!
You die...

,,≈, , ** , , * ,
≈≈≈≈≈..≈≈≈≈≈≈.## ,
.#.#.≈.≈.#≈#≈.≈≈#
.≈.≈.≈≈.≈≈≈.#.≈≈##*
* **
≈≈≈≈.#≈≈≈≈#≈#.≈≈≈#
≈
≈.≈.≈≈≈≈≈.≈...≈#**≈
≈ ≈..≈.≈≈.D##D≈## *
.)≈#.#≈≈†≈≈Df.≈≈# *
, #.......DD@.≈≈##
** ≈ ,
#≈#≈≈≈≈≈≈≈D#.#≈≈# ≈
#≈≈≈...§y#≈#≈§≈≈≈#
≈ ≈≈ *≈
≈≈##≈.#≈#≈≈≈≈≈.≈≈##
≈ * ,
*#≈≈≈≈≈≈##≈≈..≈# *
, * *
#≈≈≈#≈≈###≈≈≈≈#* ,
* ##≈##### #.(###≈♣
* ## ####.## .
♣♣#♣♣♣ ♣≈###..#≈♣*
≈ ≈,


You could see the 27-headed Lernaean hydra, an eight-headed hydra, 4 swamp
dragons, a friendly shambling mangrove and a friendly wasp (confused).

Vanquished Creatures
  Nikola (Swamp:2)
  A thorn hunter (Swamp:2)
  The ghost of shakdrar the Brawler, a powerful TrMo of Lugonu (Swamp:1)
  Roxanne (Swamp:1)
  Maud (D:12)
  An orc warlord (Orc:4)
  2 blizzard demons (IceCv)
  5 vault guards (D:13)
  2 ghost crabs
  18 hydras
  Erica (D:11)
  3 alligators
  3 tengu warriors
  Sonja (D:14)
  Nergalle (D:10)
  2 orc high priests (Orc:4)
  7 ice devils (IceCv)
  3 skeletal warriors (D:14)
  An unseen horror (D:14)
  A deep elf summoner (Orc:4)
  4 swamp dragons
  2 shambling mangroves
  2 ice statues (IceCv)
  2 orc knights
  A necromancer (D:15)
  10 hill giants
  2 wizards (D:15)
  2 deep elf conjurers (D:15)
  A hornet (Swamp:1)
  4 orc sorcerers
  3 griffons
  2 manticores
  12 ugly things
  2 cyclopes
  Maurice (D:13)
  7 centaur zombies
  3 gargoyles
  A torpor snail (Lair:8)
  19 elephants
  5 black mambas
  The ghost of wvc the Spear-Bearer, an experienced VSWr of Okawaru (D:5)
  17 spiny frogs
  5 centaur skeletons
  10 komodo dragons
  A yaktaur (D:13)
  A komodo dragon (shapeshifter) (D:15)
  3 spriggan druids
  A fire drake (Lair:1)
  2 queen bees
  A freezing wraith (D:15)
  7 blue devils (IceCv)
  39 slime creatures
  10 polar bears (Lair:8)
  3 giant leeches (Swamp:2)
  7 trolls
  A harpy skeleton (D:15)
  3 shadows
  36 blink frogs
  4 bog bodies
  2 centaur simulacra (D:15)
  25 yaks
  8 redbacks (Lair:8)
  A two-headed ogre (D:11)
  4 hungry ghosts
  3 wyverns
  2 deep elf magi
  A trapdoor spider (shapeshifter) (D:15)
  2 wraiths (D:12)
  13 spriggans
  A human (D:13)
  A basilisk (Lair:1)
  12 hippogriffs
  A deep elf fighter (Orc:4)
  The ghost of Duffy the Magician, an average DgWz (D:3)
  6 insubstantial wisps
  36 wolves
  11 vampire mosquitoes
  3 wargs
  16 swamp worms
  3 nagas (Lair:4)
  17 porcupines
  16 water moccasins
  The ghost of Duffy the Vexing, an average VSEn (D:4)
  7 swamp drakes
  33 orc warriors
  10 wasps
  6 ice beasts
  9 black bears
  5 phantoms
  2 necrophages
  4 ogres
  6 sky beasts
  4 centaurs
  12 crocodiles
  A big kobold (D:8)
  28 giant frogs
  A water moccasin zombie (D:9)
  3 scorpions
  15 wights
  38 killer bees
  4 crimson imps
  3 electric eels (Lair:5)
  5 giant frog skeletons
  A quasit (D:10)
  26 orc priests
  5 hounds
  5 jellies
  11 worker ants
  A gnoll shaman (D:6)
  33 orc wizards
  Natasha (thrice) (D:4)
  11 iguanas
  11 sheep
  7 adders
  13 gnolls
  26 river rats
  19 white imps
  4 shadow imps
  An ooze (D:6)
  6 ufetubi (IceCv)
  A worm (D:4)
  An adder skeleton (D:6)
  6 giant geckos
  177 orcs
  4 ball pythons
  9 giant cockroaches
  4 hobgoblins
  10 jackals
  6 kobolds
  2 bats (D:2)
  A giant gecko skeleton (D:6)
  A giant gecko zombie (D:5)
  3 giant newts
  11 goblins
  7 quokkas
  2 quokka skeletons (D:5)
  4 rats
1107 creatures vanquished.

Vanquished Creatures (collateral kills)
  Jorgrun (Swamp:1)
  A slime creature (Swamp:1)
  A wolf (Lair:6)
  A swamp drake (Swamp:4)
4 creatures vanquished.

Vanquished Creatures (others)
  The ghost of Loris the Thaumaturge, an experienced DEFE of Vehumet (Lair:1)
  A swamp dragon (Swamp:1)
  A bog body (Swamp:1)
  2 spriggans
  3 wasps
  An orc wizard (D:4)
  2 white imps (IceCv)
  2 ufetubi (IceCv)
  An orc (Orc:3)
  A giant newt (Lair:5)
  A quokka (D:14)
  25 fungi
  21 plants
62 creatures vanquished.

Grand Total: 1173 creatures vanquished

Notes
Turn   | Place    | Note
--------------------------------------------------------------
     0 | D:1      | shakdrar the Deep Dwarf Fighter began the quest for the Orb.
     0 | D:1      | Reached XP level 1. HP: 20/20 MP: 1/1
   189 | D:1      | Reached XP level 2. HP: 27/27 MP: 2/2
   902 | D:2      | Reached XP level 3. HP: 25/33 MP: 3/3
  1397 | D:3      | Noticed Duffy's ghost (average DgWz)
  1453 | D:3      | Killed Duffy's ghost
  1453 | D:3      | Reached skill level 4 in Armour
  1453 | D:3      | Reached XP level 4. HP: 29/42 MP: 4/4
  1453 | D:3      | Reached XP level 5. HP: 33/49 MP: 5/5
  1631 | D:3      | Reached XP level 6. HP: 56/56 MP: 6/6
  2143 | D:4      | Reached skill level 5 in Maces & Flails
  2320 | D:4      | Noticed Natasha
  2326 | D:4      | Killed Natasha
  2326 | D:4      | Reached XP level 7. HP: 46/64 MP: 7/7
  2412 | D:4      | Noticed Duffy's ghost (average VSEn)
  2425 | D:4      | Killed Duffy's ghost
  2425 | D:4      | Reached skill level 5 in Shields
  2531 | D:4      | Noticed Natasha
  2540 | D:4      | Killed Natasha
  2619 | D:4      | Noticed Natasha
  2623 | D:4      | Killed Natasha
  2685 | D:5      | Entered Level 5 of the Dungeon
  2705 | D:5      | Noticed wvc's ghost (experienced VSWr)
  2714 | D:5      | Killed wvc's ghost
  2714 | D:5      | Reached skill level 6 in Maces & Flails
  2714 | D:5      | Reached skill level 5 in Armour
  2781 | D:5      | Found Wivvya's Quality Used Wands.
  2796 | D:5      | Reached XP level 8. HP: 61/73 MP: 8/8
  2801 | D:5      | Bought a wand of random effects (0) for 12 gold pieces
  2801 | D:5      | Bought a wand of digging (0) for 96 gold pieces
  3008 | D:5      | Reached skill level 5 in Fighting
  3519 | D:5      | Reached skill level 7 in Maces & Flails
  4134 | D:6      | Found a sacrificial altar of Ru.
  4211 | D:6      | Found an opulent altar of Gozag.
  4625 | D:7      | Gained mutation: You passively map the area around you. [Deep Dwarf growth]
  4625 | D:7      | Reached XP level 9. HP: 59/82 MP: 9/9
  4722 | D:7      | Noticed Blork the orc
  4751 | D:7      | Found a staircase to the Ecumenical Temple.
  4756 | Temple   | Entered the Ecumenical Temple
  4765 | Temple   | Became a worshipper of the Shining One
  5087 | D:7      | Found a stormy altar of Qazlal.
  5092 | D:7      | Found an iron altar of Okawaru.
  5093 | D:7      | Found an ancient bone altar of Kikubaaqudgha.
  5094 | D:7      | Found a sparkling altar of Nemelex Xobeh.
  5096 | D:7      | Found a glowing silver altar of Zin.
  5297 | D:8      | Reached skill level 8 in Maces & Flails
  5773 | D:8      | Found a staircase to the Lair.
  5774 | D:8      | Noticed a komodo dragon
  5802 | D:8      | Killed a komodo dragon
  6193 | D:9      | Reached skill level 9 in Maces & Flails
  6389 | D:9      | Found Fyek's Assorted Antiques.
  6421 | D:9      | Reached XP level 10. HP: 82/92 MP: 10/10
  6539 | D:9      | Acquired the Shining One's first power
  7128 | D:10     | Entered Level 10 of the Dungeon
  7152 | D:10     | Found a roughly hewn altar of Beogh.
  7165 | D:10     | Reached skill level 10 in Maces & Flails
  7294 | D:10     | Found a staircase to the Orcish Mines.
  7392 | D:10     | Noticed a cyan ugly thing
  7406 | D:10     | Killed a cyan ugly thing
  7428 | D:10     | Gained mutation: You occasionally shout uncontrollably at your foes. [potion of mutation]
  7428 | D:10     | Gained mutation: Your spells are a little easier to cast, but a little less powerful. [potion of mutation]
  7428 | D:10     | Gained mutation: You are resistant to electric shocks. [potion of mutation]
  7429 | D:10     | Lost mutation: You occasionally shout uncontrollably at your foes. [potion of mutation]
  7429 | D:10     | Gained mutation: You are frail (-10% HP). [potion of mutation]
  7429 | D:10     | Lost mutation: You are frail (-10% HP). [potion of mutation]
  7430 | D:10     | Gained mutation: You have a pair of small horns on your head. [potion of mutation]
  7430 | D:10     | Gained mutation: You are clumsy. (Dex -2) [potion of mutation]
  7430 | D:10     | Gained mutation: You possess an exceptional clarity of mind. [potion of mutation]
  7465 | D:10     | Noticed a green ugly thing
  7492 | D:10     | Killed a green ugly thing
  7540 | D:10     | Acquired the Shining One's second power
  7699 | D:10     | Reached skill level 11 in Maces & Flails
  7699 | D:10     | Reached XP level 11. HP: 87/102 MP: 10/10
  7846 | D:10     | Noticed Nergalle
  7876 | D:10     | Noticed a spectral orc warlord
  8158 | D:11     | Noticed Erica
  8166 | D:11     | Killed Erica
  8166 | D:11     | Reached skill level 5 in Invocations
  8263 | D:11     | Reached skill level 1 in Evocations
  8543 | D:11     | Noticed a hill giant
  8574 | D:11     | Killed a hill giant
  8585 | D:11     | Reached skill level 5 in Evocations
  9201 | Lair:1   | Entered Level 1 of the Lair of Beasts
  9446 | Lair:1   | Got an iridescent short sword
  9447 | Lair:1   | Identified the +7 short sword "Murmur" {pierce, *Rage Dex+7} (You found it on level 1 of the Lair of Beasts)
  9468 | Lair:1   | Noticed Loris's ghost (experienced DEFE)
  9496 | Lair:1   | Killed Loris's ghost
  9512 | Lair:1   | Got a translucent shield
  9523 | Lair:1   | Identified the +3 shield of Trog's Wrath {rElec rPois rCorr Int-2} (You found it on level 1 of the Lair of Beasts)
 10108 | Lair:2   | Reached XP level 12. HP: 66/112 MP: 13/13
 10188 | Lair:2   | Reached skill level 12 in Maces & Flails
 10374 | Lair:2   | Reached skill level 10 in Armour
 10600 | Lair:2   | Reached skill level 10 in Shields
 11163 | Temple   | Identified a scroll of acquirement
 11742 | Lair:3   | Noticed an eight-headed hydra
 11758 | Lair:3   | Killed an eight-headed hydra
 12388 | Lair:4   | Noticed a six-headed hydra
 12400 | Lair:4   | Killed a six-headed hydra
 12778 | Lair:4   | Reached skill level 10 in Fighting
 12778 | Lair:4   | Reached XP level 13. HP: 76/123 MP: 12/12
 12941 | Lair:4   | Found a staircase to the Snake Pit.
 13410 | Lair:5   | Acquired the Shining One's third power
 13411 | Lair:5   | Found a staircase to the Swamp.
 14570 | Lair:6   | Got a twisted cloak
 14581 | Lair:6   | Identified the +2 cloak "Kaoclet" {MR+ Int+2} (You acquired it on level 6 of the Lair of Beasts)
 15396 | Lair:7   | Reached skill level 10 in Evocations
 15545 | Lair:7   | Found a staircase to the Slime Pits.
 15557 | Lair:7   | You fall through a shaft!
 15557 | Lair:8   | Entered Level 8 of the Lair of Beasts
 17177 | Lair:8   | Gained mutation: You resist negative energy. [Deep Dwarf growth]
 17177 | Lair:8   | Reached XP level 14. HP: 102/133 MP: 12/12
 17613 | Lair:8   | Reached skill level 13 in Shields
 18843 | Orc:1    | Entered Level 1 of the Orcish Mines
 19218 | Orc:2    | Found Aeusmink's Alliterative Accessories.
 19226 | Orc:2    | Bought a scroll of acquirement for 832 gold pieces
 19227 | Orc:2    | Got a twisted longbow
 20014 | Orc:3    | You fall through a shaft!
 20014 | Orc:4    | Entered Level 4 of the Orcish Mines
 20062 | Orc:4    | Found a staircase to the Elven Halls.
 20304 | Orc:4    | Found a roughly hewn altar of Beogh.
 20342 | Orc:4    | Acquired the Shining One's fourth power
 20459 | Orc:4    | Noticed an orc warlord
 20474 | Orc:4    | Killed an orc warlord
 20474 | Orc:4    | Reached skill level 10 in Invocations
 20577 | Orc:4    | Found a roughly hewn altar of Beogh.
 20577 | Orc:4    | Found Qinedez's Antique Armour Shoppe.
 20581 | Orc:4    | Found Zohistraf's Antique Weapon Emporium.
 20601 | Orc:4    | Bought a pair of glowing boots for 108 gold pieces
 20601 | Orc:4    | Bought a runed plate armour for 552 gold pieces
 20664 | Orc:4    | Found a roughly hewn altar of Beogh.
 20762 | Orc:4    | Found a bloodstained altar of Trog.
 20826 | Orc:4    | Found a roughly hewn altar of Beogh.
 20826 | Orc:4    | Found Feopi's Antique Weapon Shoppe.
 21021 | Orc:4    | Found a roughly hewn altar of Beogh.
 21042 | Orc:4    | Found Enateu's Armour Emporium.
 21647 | Orc:2    | Found Afuomo's Weapon Shop.
 21652 | Orc:2    | Bought a +5 dire flail of holy wrath for 513 gold pieces
 22013 | D:12     | You fall through a shaft for 3 floors!
 22013 | D:15     | Entered Level 15 of the Dungeon
 22148 | D:14     | Noticed Sonja
 22165 | D:14     | Killed Sonja
 22190 | D:14     | Reached XP level 15. HP: 97/142 MP: 10/13
 22463 | D:13     | Noticed Maurice
 22473 | D:13     | Killed Maurice
 22600 | D:12     | Got a jewelled blowgun
 22614 | D:12     | Noticed Maud
 22636 | D:12     | Killed Maud
 22987 | D:12     | Reached skill level 14 in Shields
 23314 | D:10     | Killed Nergalle
 24766 | D:13     | Found a gate to the Vaults.
 24918 | D:14     | Found a white marble altar of Elyvilon.
 25268 | D:15     | Reached skill level 15 in Shields
 25308 | D:15     | Found a staircase to the Depths.
 26131 | Swamp:1  | Entered Level 1 of the Swamp
 26149 | Swamp:1  | Noticed shakdrar's ghost (powerful TrMo)
 26185 | Swamp:1  | Killed shakdrar's ghost
 26185 | Swamp:1  | Reached XP level 16. HP: 86/153 MP: 10/10
 26289 | Swamp:1  | Reached skill level 15 in Armour
 26368 | Swamp:1  | Identified a +6 flail of holy wrath (a +4 flail of protection blessed by the Shining One)
 26368 | Swamp:1  | Received a gift from the Shining One
 26462 | Swamp:1  | Noticed Roxanne
 26917 | Swamp:1  | Killed Roxanne
 26919 | Swamp:1  | Identified Roxanne's Disquisition on Shifting Earth (You took it off Roxanne on level 1 of the Swamp)
 27081 | Swamp:2  | Noticed Nikola
 27105 | Swamp:2  | Noticed Jorgrun
 27163 | Swamp:1  | Killed Jorgrun
 27204 | Swamp:2  | HP: 7/154 [eight-headed hydra (3)]
 27391 | Swamp:2  | Killed Nikola
 27391 | Swamp:2  | Reached skill level 16 in Shields
 27930 | Swamp:3  | Found a frozen archway.
 27950 | IceCv    | Entered an ice cave
 28653 | Swamp:3  | Found a glowing golden altar of the Shining One.
 29094 | Temple   | Lost mutation: You are clumsy. (Dex -2) [potion of beneficial mutation]
 29095 | Temple   | Lost mutation: You have a pair of small horns on your head. [potion of cure mutation]
 29095 | Temple   | Lost mutation: You possess an exceptional clarity of mind. [potion of cure mutation]
 29095 | Temple   | Lost mutation: You are resistant to electric shocks. [potion of cure mutation]
 29095 | Temple   | Lost mutation: Your spells are a little easier to cast, but a little less powerful. [potion of cure mutation]
 29096 | Temple   | Gained mutation: Your flesh is cold resistant. [potion of beneficial mutation]
 29117 | Temple   | Upgraded the game from 0.17-a0-1842-gacc33f2 to 0.17-a0-1850-g688e747
 29733 | Swamp:4  | Entered Level 4 of the Swamp
 30130 | Swamp:4  | Noticed the 27-headed Lernaean hydra
 30141 | Swamp:4  | HP: 7/156 [the 27-headed Lernaean hydra (3)]
 30142 | Swamp:4  | Slain by the 27-headed Lernaean hydra

Vault maps used:
D:1:      mrwooster_arrival_statue, minivault_19
D:4:      uniq_natasha
D:5:      first_bread, nicolae_for_you_no_charge
D:6:      kennysheep_mini, hangedman_ru_absence
D:7:      minitemple, tgw_sif, minmay_temple_entry_steel_oval
D:8:      david_lair_shrubbed
D:9:      lemuel_upstairs_altar, serial_shops, shop_fountains, david_nohive_1
D:10:     orc_0_dummy, special_room, uniq_nergalle
D:11:     uniq_erica
D:12:     interstate_on_off, minmay_joined_circles, uniq_maud
D:13:     grunt_vaults_entry_fortified, hangedman_decor_points, uniq_maurice
D:14:     elyvilon_altar_4, uniq_sonja
D:15:     grunt_enter_depths_magical_seal
Temple:   circular_temple_12
Lair:1:   forest_paths
Lair:2:   grunt_megastairs_4
Lair:3:   special_room
Lair:4:   minmay_snake_entry_guardpost_small
Lair:5:   minmay_swamp_entry_reptiles, nicolae_quartered_pool_super, st_stairs_6
Lair:6:   patterned_corridor
Lair:7:   minmay_slime_entry_pillars
Lair:8:   minmay_lair_end_enchanted_forest, small_statue_intersection
Swamp:1:  hangedman_swamp_ruin_wall, uniq_roxanne
Swamp:2:  nicolae_swamp_trees_clearing, uniq_jorgrun, uniq_nikola
Swamp:3:  portal_ice_cave_entry_imps, nicolae_swamp_godswood
Swamp:4:  swamp_old_school, infiniplex_staircase_pool
Orc:2:    serial_shops, shop, nicolae_alphabet_shops
Orc:3:    nicolae_orc_pool_cavern
Orc:4:    grunt_orc_community_town_hall, grunt_orc_community_big_house_1,
          grunt_orc_community_big_house_2, grunt_orc_community_house_1,
          grunt_orc_community_house_2, grunt_orc_community_house_2,
          grunt_orc_community_house_3, trog_book
IceCv:    ice_cave_small_demon

Action                   |  1- 3 |  4- 6 |  7- 9 | 10-12 | 13-15 | 16-18 || total
-------------------------+-------+-------+-------+-------+-------+-------++-------
Melee: Flail             |   129 |   161 |   531 |  1095 |  2454 |   771 ||  5141
Invok: Divine Shield     |       |       |       |     1 |       |       ||     1
       Cleansing Flame   |       |       |       |       |     1 |     2 ||     3
       Summon Divine War |       |       |       |       |       |     1 ||     1
       Brand Weapon With |       |       |       |       |       |     1 ||     1
 Abil: Device Recharging |       |       |       |     5 |    10 |     3 ||    18
Evoke: Wand              |     3 |     2 |    12 |    28 |    53 |    31 ||   129
  Use: Scroll            |     1 |     3 |     4 |    23 |    16 |     8 ||    55
       Potion            |       |       |       |     9 |     9 |    19 ||    37
  Eat: Pizza             |     1 |       |       |       |       |       ||     1
       Chunk             |       |     4 |    27 |    46 |    51 |     8 ||   136
       Royal jelly       |       |       |       |       |     1 |       ||     1
       Meat ration       |       |       |       |       |       |     1 ||     1
